 Dungeon Crawl Stone Soup version 0.16-b1 (webtiles) character file.

405 kae the Basher (level 6, -5/51 HPs)
             Began as a Minotaur Fighter on Mar 7, 2015.
             Was an Initiate of Okawaru.
             Slain by an ogre
             ... wielding a +0 giant club
              (18 damage)
             ... on level 5 of the Dungeon.
             The game lasted 00:05:22 (2990 turns).

kae the Basher (Minotaur Fighter)                   Turns: 2990, Time: 00:05:22

Health: -5/51      AC:  7    Str: 20    XL:     6   Next: 56%
Magic:  3/3        EV:  7    Int:  5    God:    Okawaru [......]
Gold:   120        SH:  9    Dex: 10    Spells: 0 memorised, 5 levels left

rFire  . . .     SeeInvis .     B - +1 whip
rCold  . . .     Clarity  .     b - +1 scale mail
rNeg   . . .     SustAb   .     c - +0 shield
rPois  .         Gourm    .     (helmet restricted)
rElec  .         Spirit   .     (no cloak)
rCorr  .         Warding  .     (no gloves)
rMut   .         Stasis   +     (no boots)
MR     .....                    g - amulet of stasis
Stlth  ..........               (no ring)
                                o - -2 ring of intelligence (curse)

@: not resistant to hostile enchantments, extremely unstealthy
A: retaliatory headbutt, horns 2
a: Renounce Religion


You were on level 5 of the Dungeon.
You worshipped Okawaru.
Okawaru was noncommittal.
You were not hungry.

You visited 1 branch of the dungeon, and saw 5 of its levels.

You collected 120 gold pieces.

Inventory:

Hand weapons
 a - a +0 flail
 B - a +1 whip (weapon)
Armour
 b - a +1 scale mail (worn)
 c - a +0 shield (worn)
Jewellery
 g - an amulet of stasis (around neck)
 l - an uncursed ring of sustain abilities
 o - a cursed -2 ring of intelligence (left hand)
 C - an uncursed ring of wizardry {unknown}
Magical devices
 y - a wand of random effects (11)
Scrolls
 h - 3 scrolls of enchant armour
 j - a scroll of enchant weapon
 s - 2 scrolls of noise
 v - 2 scrolls of identify {unknown}
 w - 2 scrolls of random uselessness {unknown}
 x - 2 scrolls of blinking {unknown}
 z - a scroll of fear {unknown}
Potions
 e - 2 potions of might
 f - a potion of heal wounds {unknown}
 i - a potion of ambrosia {unknown}
 p - 6 potions of curing {unknown}
 q - a potion of cancellation {unknown}
 r - a potion of resistance {unknown}
 t - a potion of mutation {unknown}
 u - a potion of brilliance {unknown}
Comestibles
 d - 3 bread rations
 k - a beef jerky
 m - a meat ration
 n - 2 slices of pizza
 A - a royal jelly


   Skills:
 - Level 3.6 Fighting
 + Level 8.5 Maces & Flails
 - Level 3.6 Armour
 - Level 3.6 Shields


You had 5 spell levels left.
You didn't know any spells.

Dungeon Overview and Level Annotations

Branches:
Dungeon (5/15)
 Temple: D:4-7

Altars:
Dithmenos
Makhleb
Nemelex Xobeh
Okawaru
The Shining One


Innate Abilities, Weirdness & Mutations

You reflexively headbutt those who attack you in melee.
You have a pair of horns on your head.


Message History

The ogre is heavily wounded.
You block the ogre's attack.
You hit the ogre.
The ogre is heavily wounded.
Your scale mail prevents you from hitting the ogre.
Your headbutt misses the ogre.
The ogre is heavily wounded.
The ogre hits you with a giant club!!
* * * LOW HITPOINT WARNING * * *
You are too injured to fight recklessly!
You are too injured to fight recklessly!
You are too injured to fight recklessly!
You are too injured to fight recklessly!
You are too injured to fight recklessly!
You are too injured to fight recklessly!
You are too injured to fight recklessly!
You hit the ogre but do no damage. Your headbutt misses the ogre.
The ogre is heavily wounded.
The ogre hits you with a giant club!!
You die...

. ..... # #..... #
#...... ### #......
..# #.# #.....# ..#
#.# #.....# ..# #.#
#....[###### ..# #.#
#.....'.@O.#
..###.###.....####.#
†##.............# #
..#.......##..#.##
#.#..............#
#..........##.#..#
##.##.####.##.#..#
#.##.# #.##.#..#
#.##.# #.##.#..#


You could see an ogre.

Vanquished Creatures
  An ogre (D:4)
  An orc priest (D:4)
  2 hounds
  An iguana (D:3)
  An orc wizard (D:4)
  A worker ant (D:4)
  6 adders
  2 worms
  2 giant geckos
  13 orcs
  10 bats
  3 giant cockroaches
  15 hobgoblins
  4 jackals (D:3)
  10 kobolds
  2 quokkas (D:3)
  2 giant newts (D:2)
  18 goblins
  13 rats
107 creatures vanquished.

Notes
Turn   | Place    | Note
--------------------------------------------------------------
     0 | D:1      | kae, the Minotaur Fighter, began the quest for the Orb.
     0 | D:1      | Reached XP level 1. HP: 19/19 MP: 1/1
   128 | D:1      | Reached XP level 2. HP: 23/26 MP: 1/1
   396 | D:2      | Reached skill level 4 in Maces & Flails
   396 | D:2      | Reached XP level 3. HP: 31/31 MP: 2/2
   458 | D:2      | Found a shadowy altar of Dithmenos.
   972 | D:2      | Reached skill level 5 in Maces & Flails
  1233 | D:2      | Reached XP level 4. HP: 39/39 MP: 2/2
  1852 | D:3      | Reached skill level 6 in Maces & Flails
  1853 | D:3      | Found a sparkling altar of Nemelex Xobeh.
  1882 | D:3      | Found an iron altar of Okawaru.
  1882 | D:3      | Found a glowing golden altar of the Shining One.
  1883 | D:3      | Found a burning altar of Makhleb.
  1891 | D:3      | Reached XP level 5. HP: 24/45 MP: 2/2
  1896 | D:3      | Became a worshipper of Warmaster Okawaru
  2300 | D:4      | Reached skill level 7 in Maces & Flails
  2396 | D:4      | Noticed an ogre
  2401 | D:4      | Killed an ogre
  2401 | D:4      | Reached XP level 6. HP: 51/51 MP: 3/3
  2526 | D:4      | Acquired Okawaru's first power
  2526 | D:4      | Reached skill level 8 in Maces & Flails
  2869 | D:5      | Entered Level 5 of the Dungeon
  2990 | D:5      | Slain by an ogre

Action                   |  1- 3 |  4- 6 || total
-------------------------+-------+-------++-------
Melee: Flail             |    91 |    74 ||   165
       Whip              |       |   131 ||   131
  Use: Scroll            |       |     5 ||     5
  Eat: Chunk             |       |     7 ||     7
